 Dungeon Crawl Stone Soup version 0.25-a0-316-gd28d56f9c5 (webtiles) character file.

Game seed: 5170184845344163928, levelgen mode: classic

17311 Borgoz the Cleaver (level 12, -3/75 HPs)
             Began as a Gargoyle Berserker on Dec 24, 2019.
             Was an Elder of Trog.
             Slain by a vault guard
             ... wielding a +0 great sword
              (6 damage)
             ... on level 13 of the Dungeon.
             The game lasted 00:23:29 (11068 turns).

Borgoz the Cleaver (Gargoyle Berserker)            Turns: 11068, Time: 00:23:30

Health: -3/75      AC: 19    Str: 26    XL:     12   Next: 46%
Magic:  12/12      EV: 17    Int:  9    God:    Trog [****..]
Gold:   1954       SH:  0    Dex: 15    Spells: 11/11 levels left

rFire    . . .     SeeInvis .   I - +6 war axe
rCold    . . .     Gourm    .   (no shield)
rNeg     + . .     Faith    .   y - +0 scale mail
rPois    ∞         Spirit   .   L - +1 hat
rElec    +         Reflect  .   (no cloak)
rCorr    .         Harm     .   (no gloves)
MR       +....                  C - +0 pair of boots
Stlth    ..........             f - amulet of regeneration
HPRegen  0.62/turn              n - ring of protection from magic
MPRegen  0.13/turn              m - +2 ring of dexterity

@: mighty, berserk cooldown, slowed, very slow
A: negative energy resistance 1, electricity resistance, unbreathing,
petrification resistance, rot immunity, AC +8
a: Berserk, Trog's Hand, Brothers in Arms, Renounce Religion


You were on level 13 of the Dungeon.
You worshipped Trog.
Trog was greatly pleased with you.
You were very hungry.

You visited 1 branch of the dungeon, and saw 13 of its levels.
You also visited: Sewer and Bailey.

You collected 1994 gold pieces.
You spent 40 gold pieces at shops.

Inventory:

Hand Weapons
 b - a +9 antimagic battleaxe
 I - a +6 war axe (weapon)
Missiles
 B - 2 throwing nets (quivered)
Armour
 y - a +0 scale mail (worn)
 C - a +0 pair of boots (worn)
 E - a +0 troll leather armour
 L - a +1 hat (worn)
Jewellery
 f - an amulet of regeneration (around neck)
 m - a +2 ring of dexterity (right hand)
 n - a ring of protection from magic (left hand)
 G - an uncursed ring of protection from cold
 H - an uncursed ring of resist corrosion
Wands
 a - a wand of polymorph (9)
 w - a wand of flame (19)
 K - a wand of iceblast (3)
 M - a wand of paralysis (9)
Scrolls
 e - a scroll of acquirement {unknown}
 g - 7 scrolls of enchant weapon
 i - 6 scrolls of fog
 j - 3 scrolls of enchant armour {unknown}
 q - 4 scrolls of blinking
 u - 6 scrolls of teleportation
 x - 8 scrolls of remove curse
 z - a scroll of silence
 F - a scroll of magic mapping
Potions
 d - 2 potions of flight
 k - 2 potions of haste
 l - a potion of cancellation
 o - 4 potions of brilliance
 p - 3 potions of might
 r - a potion of agility
 s - a potion of lignification
 t - 6 potions of curing
 v - 3 potions of heal wounds
 A - 2 potions of magic
 D - a potion of mutation
Comestibles
 c - 13 rations
 N - 6 chunks of flesh


   Skills:
 + Level 8.7 Fighting
 * Level 11.2 Axes
 + Level 9.4 Armour
 * Level 10.2 Dodging


You had 11 spell levels left.
You didn't know any spells.
Your spell library was empty.

Dungeon Overview and Level Annotations

Branches:
Dungeon (13/15)            Temple (0/1) D:6            Lair (0/6) D:11
    Orc (0/2) D:10          Sewer (visited)          Bailey (visited)
 Vaults: D:13-14

Altars:
Cheibriados
Dithmenos
Elyvilon
Gozag
Kikubaaqudgha
Nemelex Xobeh
Sif Muna
Uskayaw
Vehumet
Yredelemnul
Zin
The Shining One

Shops:
D:4 !   D:10 [(   D:13 ?

Annotations:
D:8 3 runed translucent doors


Innate Abilities, Weirdness & Mutations

You are resistant to torment.
Your stone body is resilient. (AC +8)
You are immune to poison.
You resist negative energy. (rN+)
You are resistant to electric shocks. (rElec)
You can survive without breathing.
You are immune to petrification.
You are immune to rotting.


Message History

You feel yourself slow down. The vault guard closely misses you.
You slash the vault guard!
The vault guard is moderately wounded.
The vault guard hits you from afar with a +3 bardiche.
The vault guard hits you with a +0 great sword!
You slice the vault guard!!
The vault guard is severely wounded.
The vault guard hits you from afar with a +3 bardiche!
The vault guard hits you but does no damage.
You slash the vault guard!
The vault guard is severely wounded.
The vault guard hits you from afar with a +3 bardiche!
The vault guard hits you with a +0 great sword!
* * * LOW HITPOINT WARNING * * *
You slash the vault guard!
The vault guard is almost dead.
The vault guard hits you from afar with a +3 bardiche!
* * * LOW HITPOINT WARNING * * *
The vault guard hits you with a +0 great sword.
You die...

....########÷#................#
##..#.#.........(..#..........###
#..#.#.####.#.###.#.o.........>.
##)...#.# #.#.# #.#po.p.........
......#.# #.#.# #.#p####p.......
.#..#.#.# #.#.# #.#.# #o[......
......#.# #.#.# #.#.# #p.......
.#..###.####.#.###p#.# #........
................@poZ.# #p.$.....
.##.....(....#.###o### #........
.#......####.#.# #.# ##.####..
........# #+ #p# .# .. ...#....#
... ...#....# p.. .....(..# .....
#..#...[# ..... #.<#....#


You could see 2 vault guards, an orc warrior, an orc and a centaur warrior
skeleton.

Vanquished Creatures
  Nessos (D:12)
  2 vault guards (D:13)
  An unseen horror (D:13)
  An orc knight (Bailey)
  A manticore (D:12)
  An ugly thing (D:13)
  A deep elf mage (D:12)
  The ghost of Borgoz the Skirmisher, a novice GrGl (D:6)
  3 cyclopes
  2 gargoyles
  2 trolls
  2 hippogriffs
  Sigmund (D:4)
  2 shadows
  5 yaks (D:11)
  3 wraiths
  A wyvern (D:10)
  2 hungry ghosts
  A steam dragon (D:12)
  2 vampire mosquitoes (D:12)
  Menkaure (D:5)
  10 orc warriors
  3 ice beasts
  2 phantoms (D:5)
  6 black bears
  6 sky beasts
  A necrophage (D:8)
  11 centaurs
  6 ogres
  A big kobold (D:7)
  9 bullfrogs
  2 scorpions
  3 killer bees (D:8)
  4 wights (D:8)
  4 jellies
  7 howler monkeys
  6 crimson imps
  4 bullfrog zombies
  2 centaur zombies
  A bullfrog skeleton (D:12)
  3 centaur skeletons
  13 hounds
  3 orc wizards
  2 orc priests
  Ijyb (D:5)
  11 worker ants
  A hound zombie (D:5)
  2 hound skeletons
  2 worker ant zombies (D:5)
  4 gnolls (D:8)
  10 adders
  A river rat (Sewer)
  3 shadow imps
  3 oozes
  2 adder zombies (D:4)
  2 adder skeletons
  A worm (D:2)
  3 dart slugs
  11 leopard geckos
  43 orcs
  9 giant cockroaches
  8 goblins
  7 hobgoblins
  13 jackals
  6 kobolds
  4 quokkas
  7 ball pythons
  5 bats
  12 frilled lizards
  4 leopard gecko skeletons
  9 rats
329 creatures vanquished.

Notes
Turn   | Place    | Note
-------+----------+-------------------------------------------
     0 | D:1      | Borgoz the Gargoyle Berserker began the quest for the Orb.
     0 | D:1      | Reached XP level 1. HP: 14/14 MP: 1/1
   297 | D:1      | Reached XP level 2. HP: 19/19 MP: 2/2
   484 | D:2      | Reached skill level 3 in Axes
   556 | D:2      | Reached XP level 3. HP: 15/23 MP: 3/3
   620 | D:2      | Reached ** piety under Trog
   998 | D:2      | Reached XP level 4. HP: 28/28 MP: 4/4
  1585 | D:4      | Reached XP level 5. HP: 32/32 MP: 5/5
  1642 | D:4      | Noticed an ogre
  1650 | D:4      | Killed an ogre
  1650 | D:4      | Reached skill level 4 in Axes
  1650 | D:4      | Reached XP level 6. HP: 37/37 MP: 6/6
  1752 | D:4      | Noticed Sigmund
  1834 | D:4      | HP: 1/55 [ogre/+0 giant club (22)]
  1903 | D:4      | Found Symielun's Distillery.
  1911 | D:4      | Bought a potion of might for 40 gold pieces
  1948 | D:4      | Reached XP level 7. HP: 35/41 MP: 7/7
  2021 | D:4      | Found an opulent altar of Gozag.
  2021 | D:4      | Found an ancient bone altar of Kikubaaqudgha.
  2022 | D:4      | Found a radiant altar of Vehumet.
  2055 | D:4      | Reached skill level 5 in Axes
  2245 | D:4      | Reached *** piety under Trog
  2261 | D:4      | Killed Sigmund
  2347 | D:4      | Found a shadowy altar of Dithmenos.
  2595 | D:5      | Entered Level 5 of the Dungeon
  2695 | D:5      | Noticed Menkaure
  2703 | D:5      | Killed Menkaure
  2703 | D:5      | Reached skill level 5 in Dodging
  2703 | D:5      | Reached XP level 8. HP: 46/46 MP: 8/8
  2779 | D:5      | Noticed Ijyb
  2811 | D:5      | Killed Ijyb
  2914 | D:5      | Reached skill level 6 in Axes
  2914 | D:5      | Reached skill level 5 in Armour
  3269 | D:6      | Found a staircase to the Ecumenical Temple.
  3355 | D:6      | Found a glowing drain.
  3381 | Sewer    | Entered a sewer
  3422 | Sewer    | Reached **** piety under Trog
  3556 | Sewer    | Reached XP level 9. HP: 52/52 MP: 9/9
  3833 | D:6      | Reached skill level 7 in Axes
  3947 | D:6      | Found a large runed translucent door.
  3947 | D:6      | Found a large runed translucent door.
  3949 | D:6      | Noticed Borgoz's ghost (novice GrGl)
  4249 | D:7      | Found a sparkling altar of Nemelex Xobeh.
  4293 | D:7      | Found a hide-covered altar of Uskayaw.
  4294 | D:7      | Found a basalt altar of Yredelemnul.
  4294 | D:7      | Found a snail-covered altar of Cheibriados.
  4295 | D:7      | Found a shimmering blue altar of Sif Muna.
  4298 | D:7      | Found a white marble altar of Elyvilon.
  4299 | D:7      | Found a glowing silver altar of Zin.
  4513 | D:7      | Reached skill level 5 in Fighting
  4805 | D:7      | Found a glowing golden altar of the Shining One.
  4862 | D:8      | Found a runed translucent gate.
  4863 | D:8      | Found a runed translucent gate.
  4863 | D:8      | Noticed a cyan ugly thing
  4863 | D:8      | Noticed a green ugly thing
  4865 | D:8      | Noticed a green very ugly thing
  4865 | D:8      | Found a runed translucent gate.
  4865 | D:8      | Noticed a purple ugly thing
  4867 | D:8      | Noticed a red ugly thing
  4883 | D:8      | Reached ***** piety under Trog
  4883 | D:8      | Received a gift from Trog
  5371 | D:8      | Reached skill level 8 in Axes
  5501 | D:8      | Reached XP level 10. HP: 30/59 MP: 10/10
  6879 | D:10     | Entered Level 10 of the Dungeon
  7028 | D:10     | Found a staircase to the Orcish Mines.
  7057 | D:10     | Found Emaeredgh's Armour Emporium.
  7320 | D:10     | Reached skill level 9 in Axes
  7358 | D:10     | Found Texuase's Antique Weapon Boutique.
  8167 | D:11     | Found a staircase to the Lair.
  8433 | D:11     | Reached XP level 11. HP: 29/66 MP: 11/11
  8534 | D:11     | Received a gift from Trog
  8539 | D:11     | Found a flagged portal.
  8599 | Bailey   | Entered a bailey
  8675 | Bailey   | Identified the cursed +1 great sword "Yniefoq" {elec,
                  | Int+4}
  8736 | Bailey   | Noticed an orc knight
  8745 | Bailey   | HP: 2/67 [orc warrior/+0 halberd (15)]
  8758 | Bailey   | Killed an orc knight
  8914 | D:11     | Noticed a cyclops
  8932 | D:11     | Killed a cyclops
  8932 | D:11     | Reached skill level 10 in Axes
  9487 | D:6      | Killed Borgoz's ghost
  9638 | D:12     | Noticed a deep elf mage
  9665 | D:12     | Killed a deep elf mage
 10055 | D:12     | Noticed a cyclops
 10078 | D:12     | HP: 3/102 [cyclops (24)]
 10085 | D:12     | Killed a cyclops
 10199 | D:12     | Noticed Nessos
 10212 | D:12     | Killed Nessos
 10212 | D:12     | Reached XP level 12. HP: 55/73 MP: 12/12
 10879 | D:13     | Reached skill level 11 in Axes
 10891 | D:13     | Reached skill level 10 in Dodging
 11011 | D:13     | Found Moshou Baenk's Magic Scroll Emporium.
 11020 | D:13     | Noticed a vault guard
 11022 | D:13     | Noticed a vault guard
 11035 | D:13     | Noticed a vault guard
 11036 | D:13     | Noticed a vault guard
 11057 | D:13     | Killed a vault guard
 11063 | D:13     | Killed a vault guard
 11068 | D:13     | HP: 3/75 [vault guard/+3 bardiche (14)]
 11068 | D:13     | Slain by a vault guard

Levels and vault maps discovered:
D:1:      dpeg_arrival_rhombus, layout_basic, serial_glass, glass_columns_a,
          glass_columns_a
D:2:      layout_loops_ring, minmay_pentomino_s2
D:3:      layout_rooms, kennysheep_cross_room
D:4:      layout_loops_ring, grunt_dithmenos_smoke_and_mirrors,
          gammafunk_temple_overflow_claw, serial_shops,
          nicolae_shop_behind_doors, first_ration, kennysheep_small_spiral,
          uniq_sigmund
D:5:      layout_basic, uniq_ijyb, uniq_menkaure
D:6:      layout_basic, temple_pool_b, gup_sewer_entry_pipe,
          ebering_ghost_disaster_area
D:7:      layout_rooms, minitemple, minmay_misc_feat_secret_circle, tso_altar
D:8:      layout_gridville, ploomutoo_gammafunk_ghost_potion_laboratory,
          minivault_23
D:9:      layout_loops_cross
D:10:     layout_layer_cave, orc_david_3, serial_shops, nicolae_shop_trees
D:11:     layout_basic, lair_entry_dummy, enter_bailey_3
D:12:     layout_gridville, uniq_nessos
D:13:     layout_basic, erik_vaults_2, serial_shops, shop, grunt_livestock,
          drop_trap, uniq_urug

Skill      XL: |  1  2  3  4  5  6  7  8  9 10 11 12 |
---------------+-------------------------------------+-----
Axes           | 3 4 5 6 8 9 10 11 | 11.2
Dodging        | 2 3 4 5 7 8 9 10 | 10.2
Armour         | 3 4 5 6 7 8 9 |  9.4
Fighting       | 4 5 6 8 |  8.7

Action                   |  1- 3 |  4- 6 |  7- 9 | 10-12 || total
-------------------------+-------+-------+-------+-------++-------
Melee: Hand axe          |   121 |   171 |   782 |   916 ||  1990
       War axe           |       |       |       |   121 ||   121
Throw: Throwing net      |       |       |       |     2 ||     2
Invok: Berserk           |       |     3 |     4 |    11 ||    18
       Trog's Hand       |       |     1 |       |     8 ||     9
Evoke: Wand              |       |       |       |     9 ||     9
  Use: Scroll            |     3 |     3 |    10 |     7 ||    23
       Potion            |       |       |       |     6 ||     6
  Eat: Chunk             |       |     7 |    13 |    27 ||    47
       Ration            |       |       |     1 |     3 ||     4
Armor: Chain mail        |   104 |   120 |   316 |       ||   540
       Animal skin       |     2 |       |       |       ||     2
       Scale mail        |       |       |   176 |   439 ||   615
       Troll leather arm |       |       |       |    98 ||    98
Dodge: Dodged            |    92 |    90 |   524 |   848 ||  1554

Table legend:
 A = Non-vault XP
 B = Vault XP
 C = Vault XP percentage of total XP
 D = Non-vault monster count
 E = Vault monster count
 F = Vault count percentage of total count
                 A         B        C        D         E       F
            +---------+---------+-------+---------+---------+-------
      Total |   18436 |    6295 |  25.5 |     267 |      62 |  18.8
            +---------+---------+-------+---------+---------+-------
        D:1 |      14 |       0 |   0.0 |      10 |       0 |   0.0
        D:2 |      93 |       2 |   2.1 |      29 |       1 |   3.3
        D:3 |      76 |       0 |   0.0 |       9 |       0 |   0.0
        D:4 |     683 |     231 |  25.3 |      29 |       1 |   3.3
        D:5 |     805 |     205 |  20.3 |      18 |       2 |  10.0
        D:6 |     571 |     524 |  47.9 |      22 |       9 |  29.0
        D:7 |    1005 |       0 |   0.0 |      20 |       0 |   0.0
        D:8 |    1891 |       0 |   0.0 |      31 |       0 |   0.0
        D:9 |     847 |       0 |   0.0 |       8 |       0 |   0.0
       D:10 |    1155 |     156 |  11.9 |      22 |       6 |  21.4
       D:11 |    4806 |       7 |   0.1 |      40 |       4 |   9.1
       D:12 |    4018 |    1353 |  25.2 |      21 |       1 |   4.5
       D:13 |    2472 |    2020 |  45.0 |       8 |       2 |  20.0
      Sewer |       0 |      46 | 100.0 |       0 |      18 | 100.0
     Bailey |       0 |    1751 | 100.0 |       0 |      18 | 100.0
            +---------+---------+-------+---------+---------+-------
